 Dungeon Crawl Stone Soup version 0.27-a0-417-g317cea8a3c (webtiles) character file.

Game seed: 15441699274879244024

137 hellse the Skirmisher (level 5, -4/57 HPs)
             Began as an Ogre Fighter on Feb 25, 2021.
             Slain by an ogre
             ... wielding a +0 giant club
              (30 damage)
             ... on level 4 of the Dungeon.
             The game lasted 00:02:39 (2224 turns).

hellse the Skirmisher (Ogre Fighter)                Turns: 2224, Time: 00:02:40

Health: -4/57      AC:  3    Str: 21    XL:     5   Next: 20%
Magic:  5/5        EV:  8    Int:  9    God:
Gold:   181        SH:  8    Dex:  8    Spells: 4/4 levels left

rFire    . . .     SeeInvis .   a - +0 flail
rCold    . . .     Faith    .   c - +0 kite shield
rNeg     . . .     Spirit   .   b - +0 robe
rPois    .         Reflect  .   (helmet restricted)
rElec    .         Harm     .   (no cloak)
rCorr    .         Rampage  .   (gloves unavailable)
Will     .....                  (boots unavailable)
Stlth    +.........             (no amulet)
HPRegen  0.19/turn              (no ring)
MPRegen  0.09/turn              (no ring)

@: no status effects
A: large, unfitting armour, tough skin 1
a: no special abilities


You were on level 4 of the Dungeon.
You visited 1 branch of the dungeon, and saw 5 of its levels.

You collected 181 gold pieces.

Inventory:

Hand Weapons
 a - a +0 flail (weapon)
Armour
 b - a +0 robe (worn)
 c - a +0 kite shield (worn)
Scrolls
 g - 2 scrolls of magic mapping
 i - 3 scrolls of immolation {unknown}
 k - a scroll of enchant weapon
 m - a scroll of teleportation
 n - 2 scrolls of amnesia {unknown}
Potions
 d - a potion of might
 e - 2 potions of curing
 f - a potion of degeneration {unknown}
 h - 2 potions of heal wounds {unknown}
 j - a potion of flight {unknown}
 l - 4 potions of attraction {unknown}


   Skills:
 - Level 5.5 Fighting
 + Level 3.9 Maces & Flails
 - Level 2.6 Dodging
 - Level 2.6 Shields


You had 4 spell levels left.
You didn't know any spells.
Your spell library was empty.

Dungeon Overview and Level Annotations

Branches:
Dungeon (5/15)             Temple (0/1) D:5

Altars:


Innate Abilities, Weirdness & Mutations

You are too large for most types of armour.
You have tough skin. (AC +1)


Message History

You start resting.
An orc comes into view. It is wielding a +0 mace.
The orc moves out of view.
You start resting.
An orc is nearby!
There is a stone staircase leading up here.
You start resting.
An orc is nearby!
You closely miss the orc. The orc hits you with a +0 mace.
You sock the orc!
You kill the orc!
No target in view!
No target in view!
An orc and an orc priest come into view.
The orc is wielding a +1 trident of venom.
The orc priest is wielding a +0 rapier of venom.
The orc shouts!
The orc priest shouts!
Items here: ( )) [[[ †.
There is a stone staircase leading up here.
The orc hits you from afar with a +1 trident of venom.
You are poisoned.
You climb upwards.
You feel sick.
There is a stone staircase leading down here.
You start resting.
You feel sick. x11
You are no longer poisoned.
You start resting.
An ogre comes into view. It is wielding a +0 giant club.
You aren't carrying any items that you can evoke.
Okay, then.
Unknown command.
You thump the ogre!
The ogre is moderately wounded.
The ogre barely misses you.
You closely miss the ogre.
The ogre is moderately wounded.
The ogre hits you with a +0 giant club!!
You hit the ogre but do no damage.
The ogre is moderately wounded.
The ogre hits you with a +0 giant club!!
Ouch! That really hurt!
You die...

*** *,* *,* #.* *,,,,,,,,,,,
******,***,** #.##***,**,,,****,
,,,,**,,,,..***#...,,,,,,,,** *,,
***,*****#..#.**..#***,**,,****,,
*,* ####.....,..# *,**,,,,,,,,
*,* #.....#.#*#.# *,**,******,
*,*##.###.#.###.# *,**,* **
*,*#...........>####.#*,* *
*,*#..#*#.....@O.......,* *,*#..#
#.#...########.** *,*#..###.#...#
*,* #.##......#...# *,*
#...<.........# *,*
##.#.##.####.##**** *,*
#.#.##...,....,,,* *,*
#,#.##..###.###*,* *,*
*,#.##..#*#.#***,****,** *


You could see an ogre.

Vanquished Creatures
  A scorpion (D:4)
  3 adders
  An ooze (D:1)
  2 worms
  2 dart slugs (D:1)
  2 leopard geckos (D:1)
  3 orcs (D:5)
  4 giant cockroaches
  4 hobgoblins
  6 kobolds
  A ball python (D:2)
  7 bats
  4 frilled lizards
  4 goblins
  2 rats (D:1)
46 creatures vanquished.

Vanquished Creatures (others)
  A withered plant (D:5)
1 creature vanquished.

Grand Total: 47 creatures vanquished

Notes
Turn   | Place    | Note
-------+----------+-------------------------------------------
     0 | D:1      | hellse the Ogre Fighter began the quest for the Orb.
     0 | D:1      | Reached XP level 1. HP: 24/24 MP: 1/1
   267 | D:1      | Reached XP level 2. HP: 24/32 MP: 2/2
   740 | D:1      | Reached XP level 3. HP: 34/40 MP: 3/3
  1230 | D:2      | Reached skill level 5 in Fighting
  1347 | D:2      | Reached XP level 4. HP: 50/50 MP: 4/4
  2043 | D:4      | Reached XP level 5. HP: 57/57 MP: 5/5
  2057 | D:5      | Entered Level 5 of the Dungeon
  2214 | D:4      | Noticed an ogre
  2224 | D:4      | Slain by an ogre

Illustrated notes

Levels and vault maps discovered:
D:1:      heliophobic_arrival_glass_houses, layout_basic
D:2:      layout_rooms
D:3:      layout_basic, lemuel_doored_altar, nicolae_overflow_crystal_walls
D:4:      layout_loops_ring, nicolae_ru_great_annihilating_truth
D:5:      lemuel_ratsnest, layout_basic, yredelemnul_altar_generic,
          vehumet_statue, minmay_temple_entry_enclosed_plants,
          gammafunk_ghost_hive, st_stairs_3, chequers_serial_rivers_small_b,
          item_on_display_a, uniq_sigmund, uniq_eustachio

Skill      XL: |  1  2  3 |
---------------+----------+-----
Maces & Flails | 2 3 |  3.9
Fighting       | 5 |  5.5
Dodging        | |  2.6
Shields        | |  2.6

Action                   |  1- 3 |  4- 6 || total
-------------------------+-------+-------++-------
Melee: Flail             |    87 |    64 ||   151
  Use: Scroll            |       |     5 ||     5
 Stab: Sleeping          |     1 |       ||     1
Armor: Robe              |    33 |    11 ||    44
Dodge: Dodged            |    36 |    18 ||    54
Block: Kite shield       |    50 |    21 ||    71

Table legend: (Time is in decaauts)
 A = Elapsed time spent in this place.
 B = Non-inter-level travel time spent in this place.
 C = Inter-level travel time spent in this place.
 D = Time resting spent in this place.
 E = Time spent auto-exploring this place.
 F = Levels seen in this place.
 G = Mean time per level.
                   A        B        C        D        E       F      G
               +--------+--------+--------+--------+--------+-----+--------+
         Total |   2295 |   2252 |     43 |    540 |   1267 |   5 |  459.0 |
       Dungeon |   2295 |   2252 |     43 |    540 |   1267 |   5 |  459.0 |
               +--------+--------+--------+--------+--------+-----+--------+

Top non-repeatable levels by time:
     D:1: 1259 daAuts
     D:2: 706 daAuts
     D:3: 120 daAuts
     D:5: 110 daAuts
     D:4: 98 daAuts
